 Dungeon Crawl Stone Soup version 0.27-a0-1049-g450f9b2e0d (webtiles) character file.

Game seed: 12229203139247647887

23 kae the Insei (level 2, -1/23 HPs)
             Began as a Demigod Transmuter on Apr 20, 2021.
             Slain by a wyvern zombie (5 damage)
             ... on level 2 of the Dungeon.
             The game lasted 00:00:36 (1344 turns).

kae the Insei (Demigod Transmuter)                  Turns: 1344, Time: 00:00:37

Health: -1/23      AC:  3    Str: 11    XL:     2   Next: 54%
Magic:  6/7        EV: 12    Int: 15    God:
Gold:   37         SH:  0    Dex: 14    Spells: 3/4 levels left

rFire    . . .     SeeInvis .   g - +0 falchion
rCold    . . .     Faith    .   (no shield)
rNeg     . . .     Spirit   .   a - +0 robe
rPois    .         Reflect  .   (helmet currently unavailable)
rElec    .         Harm     .   c - +0 cloak
rCorr    .         Rampage  .   (no gloves)
Will     .....                  (boots currently unavailable)
Stlth    +.........             (no amulet)
HPRegen  0.07/turn              (no ring)
MPRegen  0.10/turn              (no ring)

@: appendages (expiring)
A: horns 2, talons 2, high mp 1, forlorn
a: End Transformation


You were on level 2 of the Dungeon.
You had temporarily grown beastly horns and talons.
You visited 1 branch of the dungeon, and saw 2 of its levels.

You collected 37 gold pieces.

Inventory:

Hand Weapons
 g - a +0 falchion (weapon)
Armour
 a - a +0 robe (worn)
 c - a +0 cloak (worn)
Scrolls
 d - a scroll of immolation
 e - a scroll of teleportation
 h - a scroll of identify
Potions
 b - a potion of resistance
 f - a potion of flight {unknown}
 i - a potion of lignification {unknown}


   Skills:
 + Level 1.1 Fighting
 + Level 2.0 Dodging
 * Level 3.0 Unarmed Combat
 + Level 1.9 Spellcasting
 * Level 2.2 Transmutations


You had 3 spell levels left.
You knew the following spells:

 Your Spells              Type           Power      Damage    Failure   Level
a - Beastly Appendage     Tmut           16%        N/A       9%          1

Your spell library contained the following spells:

 Spells                   Type           Power      Damage    Failure   Level
 Wereblood                Tmut           8%         N/A       14%         2
 Spider Form              Tmut/Pois      2%         N/A       41%         3
 Ice Form                 Ice/Tmut       4%         N/A       82%         4
 Hydra Form               Tmut           4%         N/A       94%         5


Dungeon Overview and Level Annotations

Branches:
Dungeon (2/15)


Innate Abilities, Weirdness & Mutations

You have temporarily grown beastly horns and talons.
Your attributes grow dramatically as you level up.
You have an increased reservoir of magic. (+10% MP)
You shall have no god before yourself.


Message History

You kill the hobgoblin!
A wyvern zombie comes into view.
Found an escape hatch in the floor.
Casting: Beastly Appendage (safe; 9% risk of failure)
Confirm with . or Enter, or press ? or * to list all spells.
You grow a pair of large bovine horns.
Your feet morph into talons.
Your transformation is almost over.
The wyvern zombie closely misses you.
You riposte.
You hit the wyvern zombie.
You claw the wyvern zombie, but do no damage.
You headbutt the wyvern zombie!
The wyvern zombie is moderately damaged.
You hit the wyvern zombie. Your headbutt misses the wyvern zombie.
The wyvern zombie is moderately damaged.
The wyvern zombie bites you.
The wyvern zombie completely misses you.
You riposte.
You barely miss the wyvern zombie. You headbutt the wyvern zombie!
The wyvern zombie is heavily damaged.
A wyvern zombie is nearby!
You hit the wyvern zombie.
The wyvern zombie is heavily damaged.
The wyvern zombie bites you.
You are too injured to fight recklessly!
A wyvern zombie is nearby!
You are too injured to fight recklessly!
You are too injured to fight recklessly!
A wyvern zombie is nearby!
You are too injured to fight recklessly!
You are too injured to fight recklessly!
You hit the wyvern zombie.
You claw the wyvern zombie, but do no damage.
The wyvern zombie is severely damaged.
The wyvern zombie bites you!
* * * LOW HITPOINT WARNING * * *
The wyvern zombie bites you.
* * * LOW HITPOINT WARNING * * *
You barely miss the wyvern zombie.
You claw the wyvern zombie, but do no damage.
The wyvern zombie is severely damaged.
The wyvern zombie bites you.
You die...

>.....###
.........
........###
########
..........#
#.......
..........
#.######
#....... #.# #
#...### #.# #
#.....# #.# #
##@##.######.#
#
#Z##........#
#
..###########
...# #....
....# ###...
#.#. ###


You could see a wyvern zombie.

Vanquished Creatures
  A dart slug (D:1)
  4 bats
  An endoplasm (D:1)
  2 goblins (D:1)
  3 hobgoblins
  3 jackals (D:1)
  2 kobolds (D:1)
  2 frilled lizards
  A rat (D:1)
19 creatures vanquished.

Notes
Turn   | Place    | Note
-------+----------+-------------------------------------------
     0 | D:1      | kae the Demigod Transmuter began the quest for the Orb.
     0 | D:1      | Reached XP level 1. HP: 15/15 MP: 5/5
   132 | D:1      | Reached skill level 1 in Fighting
   485 | D:1      | Reached XP level 2. HP: 18/23 MP: 7/7
   787 | D:1      | Reached skill level 3 in Unarmed Combat
  1344 | D:2      | Slain by a wyvern zombie

Illustrated notes

Levels and vault maps discovered:
D:1:      dpeg_arrival_ternary, layout_loops_ring, ebering_ecumenical_altar_box,
          hangedman_decor_growths
D:2:      layout_loops_ring, grunt_ministairs_1

Skill      XL: |  1  2 |
---------------+-------+-----
Fighting       | 1 |  1.1
Transmutations | 2 |  2.2
Dodging        | 2 |  2.0
Unarmed Combat | 3 |  3.0
Spellcasting   | |  1.9

Action                   || total
-------------------------++-------
Melee: Unarmed           ||    47
       Kick              ||    11
       Headbutt          ||     7
       Falchion          ||    15
 Cast: Beastly Appendage ||    13
  Use: Scroll            ||     4
Armor: Robe              ||    19
Dodge: Dodged            ||    44
       Rpst.: Falchion   ||     8

Table legend: (Time is in decaauts)
 A = Elapsed time spent in this place.
 B = Non-inter-level travel time spent in this place.
 C = Inter-level travel time spent in this place.
 D = Time resting spent in this place.
 E = Time spent auto-exploring this place.
 F = Levels seen in this place.
 G = Mean time per level.
                   A        B        C        D        E       F      G
               +--------+--------+--------+--------+--------+-----+--------+
         Total |   1344 |   1324 |     20 |      7 |   1140 |   2 |  672.0 |
       Dungeon |   1344 |   1324 |     20 |      7 |   1140 |   2 |  672.0 |
               +--------+--------+--------+--------+--------+-----+--------+

Top non-repeatable levels by time:
     D:1: 1116 daAuts
     D:2: 228 daAuts
